 Dungeon Crawl Stone Soup version 0.17.0-22-g5edae84 (webtiles) character file.

92 septik the Ruffian (level 4, -4/42 HPs)
             Began as a Naga Fighter on Nov 12, 2015.
             Slain by Crazy Yiuf
             ... wielding a +3 quarterstaff of chaos
              (8 damage)
             ... on level 2 of the Dungeon.
             The game lasted 00:05:47 (2163 turns).

septik the Ruffian (Naga Fighter)                   Turns: 2163, Time: 00:05:48

Health: -4/42      AC:  4    Str: 20    XL:     4   Next: 60%
Magic:  0/4        EV:  5    Int:  8    God:
Gold:   20         SH:  8    Dex: 10    Spells: 0 memorised, 3 levels left

rFire  . . .     SeeInvis +       - Unarmed
rCold  . . .     Clarity  .     a - +0 scale mail
rNeg   . . .     SustAt   .     b - +0 shield
rPois  +         Gourm    .     (no helmet)
rElec  .         Spirit   .     (no cloak)
rCorr  .         Warding  .     (no gloves)
rMut   .         Stasis   .     (no barding)
MR     .....                    (no amulet)
Stlth  ..........               (no ring)
                                (no ring)

@: short of breath, very slow, not resistant to hostile enchantments, extremely
unstealthy
A: see invisible, deformed body, poison resistance, slowness 2, slow metabolism
1, spit poison 2, AC +1
a: Spit Poison


You were on level 2 of the Dungeon.
You were not hungry.

You visited 1 branch of the dungeon, and saw 2 of its levels.

You collected 20 gold pieces.

Inventory:

Hand Weapons
 m - a +0 hunting sling
Missiles
 h - 26 stones (quivered)
 j - 8 tomahawks
 o - 17 poisoned needles
Armour
 a - a +0 scale mail (worn)
 b - a +0 shield (worn)
Scrolls
 e - 2 scrolls of identify {unknown}
 i - a scroll of remove curse {unknown}
Potions
 c - a potion of might
 g - a potion of agility {unknown}
 l - a potion of invisibility {unknown}
Comestibles
 d - 3 bread rations
 f - 2 chunks of flesh
 k - 2 meat rations
 n - 2 beef jerkies


   Skills:
 - Level 3.0 Fighting
 - Level 2.4 Armour
 - Level 2.4 Shields
 + Level 4.6 Unarmed Combat


You had 3 spell levels left.
You didn't know any spells.

Dungeon Overview and Level Annotations

Branches:
Dungeon (2/15)

Altars:
Cheibriados
Elyvilon
Makhleb
Nemelex Xobeh
The Shining One

Annotations:
D:2 Crazy Yiuf


Innate Abilities, Weirdness & Mutations

You cannot wear boots.
Your serpentine skin is tough (AC +1).
You have supernaturally acute eyesight.
Armour fits poorly on your strangely shaped body.
Your system is resistant to poisons.
You cover ground very slowly.
You have a slow metabolism.
You can spit poison.


Message History

Press: ? - help, Shift-Dir - straight line, f/p - Crazy Yiuf
Aim: Crazy Yiuf, wielding a quarterstaff of chaos and wearing a cloak (almost dead)
The splash of poison hits Crazy Yiuf.
Crazy Yiuf is almost dead.
You feel slightly more hungry. You block Crazy Yiuf's attack.
You barely miss Crazy Yiuf.
Crazy Yiuf is almost dead.
Crazy Yiuf hits you with a quarterstaff of chaos!
Crazy Yiuf burns you.
You hit Crazy Yiuf but do no damage.
Crazy Yiuf is almost dead.
Crazy Yiuf hits you with a quarterstaff of chaos!
* * * LOW HITPOINT WARNING * * *
You hit Crazy Yiuf.
Crazy Yiuf is almost dead.
You can't do that yet.
You hit Crazy Yiuf but do no damage.
Crazy Yiuf is almost dead.
Crazy Yiuf hits you with a quarterstaff of chaos!
You die...

..
#..#≈.#.⌠...'.
#.
#..#≈..⌠.#..'.
.♣♣
#..#≈≈#.##≈≈##
♣g♣
#.)#≈≈≈..≈≈≈#
♣.♣♣
##.#≈≈≈≈≈≈≈≈#
♣♣.♣
#.##########
♣.♣♣ #.....#
♣♣♣Pg♣ #.)...#
♣PPP@♣ #.....#
#....# #.....#
##..#####.....#
#.............#
##...##########
#####


You could see Crazy Yiuf.

Vanquished Creatures
  3 adders (D:2)
  A worm (D:2)
  2 giant geckos (D:1)
  12 bats
  4 giant cockroaches
  6 hobgoblins
  3 giant newts (D:1)
  14 goblins
  11 kobolds
  3 rats
  A fungus (D:2)
60 creatures vanquished.

Notes
Turn   | Place    | Note
--------------------------------------------------------------
     0 | D:1      | septik the Naga Fighter began the quest for the Orb.
     0 | D:1      | Reached XP level 1. HP: 21/21 MP: 1/1
   332 | D:1      | Reached XP level 2. HP: 28/28 MP: 2/2
   728 | D:1      | Reached XP level 3. HP: 8/34 MP: 3/3
  1360 | D:2      | Reached skill level 4 in Unarmed Combat
  1370 | D:2      | Reached XP level 4. HP: 24/42 MP: 4/4
  1617 | D:2      | Found a snail-covered altar of Cheibriados.
  1619 | D:2      | Found a burning altar of Makhleb.
  1798 | D:2      | Found a white marble altar of Elyvilon.
  1813 | D:2      | Found a glowing golden altar of the Shining One.
  1914 | D:2      | Found a sparkling altar of Nemelex Xobeh.
  2145 | D:2      | Noticed Crazy Yiuf
  2156 | D:2      | Paralysed by Crazy Yiuf for 2 turns
  2158 | D:2      | HP: 1/42 [Crazy Yiuf/quarterstaff of chaos (11)]
  2163 | D:2      | Slain by Crazy Yiuf

Action                   |  1- 3 |  4- 6 || total
-------------------------+-------+-------++-------
Melee: Unarmed           |   206 |    77 ||   283
Throw: Stone             |     8 |       ||     8
 Abil: Spit Poison       |     5 |    10 ||    15
  Eat: Chunk             |     1 |     3 ||     4
